Map: Automaton LE

Players

Odin - Winner!

  • Race: Protoss Protoss
  • Spawn Location: 9:00

A.I. 1 (Elite)

  • Race: Zerg Zerg
  • Spawn Location: 3:00

VOD

Have the link to the VOD?

Description

Time

  • Played on: Dec. 20, 2018, 6:25 a.m.
  • Length: 24:44
Show
View Real Time Build Order
Export as new Build Order

Odin Protoss - Winner!

Build Orders: Oracle Opening, Zealot Archon 

Get SALT Encoding   

  12  0:01  Probe  
  13  0:15  Pylon  
  13  0:36  Probe  
  13  0:37  Gateway  
  13  0:40  Assimilator  
  14  0:44  Probe  
  15  0:54  Probe  
  16  1:00  Assimilator  
  16  1:02  Probe  
  17  1:13  Gateway  
  17  1:21  Probe  
  18  1:31  Cybernetics Core  
  18  1:35  Probe  
  19  1:47  Probe  
  20  1:57  Warp Gate, Pylon  
  20  1:59  Probe  
  21  2:13  Probe  
  22  2:25  Probe  
  23  2:31  Adept x2  
  27  2:46  Nexus  
  27  2:58  Stargate  
  27  3:12  Probe  
  28  3:24  Probe  
  29  3:36  Probe  
  31  3:48  Probe  
  31  3:57  Oracle  
  32  4:04  Probe x2  
  32  4:05  Pylon  
  32  4:08  Pylon  
  34  4:15  Robotics Facility, Probe x2  
  34  4:16  Twilight Council  
  34  4:23  Probe  
  36  4:27  Probe  
  38  4:32  Assimilator  
  38  4:37  Assimilator  
  38  4:39  Oracle, Probe  
  38  4:44  Probe  
  43  4:51  Probe  
  44  4:56  Probe  
  44  4:59  Probe  
  45  5:04  Probe  
  47  5:16  Probe  
  48  5:21  Probe  
  49  5:30  Warp Prism, Templar Archives  
  51  5:37  Gateway  
  51  5:38  Charge, Gateway x2  
  51  5:41  Gateway  
  51  6:13  Psionic Storm  
  51  6:18  Probe  
  51  6:19  Probe  
  51  6:21  Stalker x2  
  57  6:26  Oracle  
  57  6:31  Probe x2, Pylon  
  62  6:33  Pylon  
  62  6:35  Pylon  
  62  6:56  High Templar x4  
  62  6:58  Nexus  
  62  7:01  Archon x2, Assimilator  
  70  7:05  Assimilator  
  70  7:08  Pylon  
  70  7:11  Pylon  
  70  7:18  Probe x2  
  70  7:22  Oracle  
  75  7:30  Probe x2  
  75  7:47  Forge  
  75  7:48  Forge  
  71  7:54  Zealot x6  
  83  8:14  High Templar x2  
  87  8:22  Archon  
  87  8:24  High Templar x4  
  95  8:32  Gateway  
  95  8:34  Gateway, Pylon  
  95  9:01  Probe x2  
  95  9:04  Probe  
  95  9:09  Probe  
  98  9:16  Probe x2  
  100  9:17  Gateway  
  100  9:18  Gateway, Probe  
  100  9:20  Gateway  
  100  9:21  Gateway  
  102  9:24  Probe  
  102  9:29  Probe  
  104  9:43  Zealot x6  
  104  9:44  Zealot x2  
  114  10:06  Archon  
  81  10:26  Protoss Ground Weapons Level 1, Protoss Ground Armor Level 1  
  81  10:29  Zealot x6  
  81  10:33  Nexus  
  93  10:36  Pylon  
  93  10:38  Pylon  
  93  10:40  Pylon  
  93  11:07  Assimilator  
  93  11:11  Nexus  
  93  11:12  Pylon  
  93  11:14  Stalker x6  
  93  11:15  Pylon, Stalker x6  
  93  11:17  Pylon  
  117  11:55  Probe  
  117  11:56  Probe  
  117  11:58  High Templar x8  
  117  11:59  High Templar x2  
  117  12:00  High Templar x2  
  140  12:36  Zealot x7  
  140  12:37  Zealot x4  
  156  12:38  Zealot  
  140  13:14  Probe x4  
  144  13:21  Photon Cannon  
  144  13:22  Photon Cannon  
  144  13:24  Photon Cannon, Shield Battery  
  144  13:27  Shield Battery  
  144  13:29  Shield Battery  
  144  13:43  Zealot x7  
  144  13:44  Zealot x5  
  145  14:17  Probe x2  
  145  14:18  Probe x2  
  149  14:32  Protoss Ground Weapons Level 2, Protoss Ground Armor Level 2  
  149  14:38  Stargate  
  149  14:40  Stargate  
  149  14:42  Stargate  
  149  14:48  Nexus  
  149  14:50  Pylon  
  149  14:52  Observer  
  149  15:02  Fleet Beacon  
  149  15:07  Cybernetics Core  
  149  15:16  Forge  
  149  15:28  Assimilator  
  149  15:44  Protoss Air Weapons Level 1, Protoss Air Armor Level 1  
  149  16:00  Zealot x4  
  149  16:01  Zealot x2  
  149  16:04  Carrier x4  
  185  16:52  Stalker x5  
  195  17:45  Photon Cannon  
  195  17:46  Photon Cannon  
  195  17:47  Photon Cannon  
  195  17:49  Photon Cannon  
  195  17:51  Shield Battery x2  
  195  17:52  Shield Battery  
  195  17:53  Shield Battery  
  195  17:54  Pylon  
  195  17:56  Pylon x2  
  195  18:12  Protoss Ground Weapons Level 3, Protoss Air Armor Level 2, Protoss Shields Level 1  
  195  18:13  Protoss Air Weapons Level 2  
  195  18:16  Blink  
  195  18:25  Observer  
  196  18:33  Protoss Ground Armor Level 3  
  196  18:56  Nexus  
  196  18:59  Assimilator  
  196  19:04  Assimilator  
  196  19:05  Pylon  
  196  19:08  Pylon  
  196  19:10  Pylon  
  176  20:03  Probe x3  
  176  20:04  Probe  
  181  20:22  Oracle  
  181  20:25  Probe  
  184  20:48  Protoss Air Armor Level 3, Protoss Air Weapons Level 3  
  146  21:45  Carrier x2  
  146  21:46  Carrier x2  
  170  21:53  Zealot x11  
  170  21:54  Zealot  
  194  22:14  High Templar  
  184  23:06  Stalker x8  
Show
View Real Time Build Order
Export as new Build Order

A.I. 1 (Elite) Zerg 

Build Orders: Pool First 

Get SALT Encoding   

  12  0:00  Drone  
  13  0:12  Overlord  
  13  0:17  Drone  
  14  0:30  Drone  
  14  0:31  Drone  
  14  0:34  Drone  
  17  0:48  Spawning Pool  
  16  0:50  Drone  
  17  1:12  Hatchery  
  17  1:16  Drone  
  17  1:19  Extractor  
  17  1:23  Drone  
  17  1:26  Extractor  
  17  1:28  Drone  
  17  1:33  Drone  
  17  1:38  Drone  
  19  1:49  Overlord  
  19  2:00  Queen  
  21  2:06  Zergling x2  
  22  2:11  Drone  
  23  2:27  Queen  
  25  2:37  Drone  
  25  2:41  Drone  
  27  2:46  Drone  
  27  2:50  Drone  
  29  3:05  Roach Warren  
  29  3:06  Drone  
  29  3:10  Drone  
  29  3:14  Drone  
  29  3:16  Zergling x2  
  31  3:20  Zergling x2  
  31  3:26  Overlord  
  32  3:29  Drone  
  32  3:33  Drone  
  34  3:35  Zergling x2  
  34  3:48  Roach x3  
  38  3:53  Drone  
  40  3:58  Roach  
  42  4:08  Lair  
  42  4:13  Overlord  
  42  4:18  Overlord  
  42  4:23  Zergling x2  
  43  4:26  Zergling x2  
  45  4:31  Zergling x2, Drone  
  45  4:34  Drone  
  45  4:36  Drone  
  48  4:39  Drone  
  48  4:42  Drone  
  48  4:45  Roach  
  52  4:49  Roach  
  54  4:53  Overlord  
  54  4:56  Zergling x2  
  54  5:07  Hydralisk Den  
  54  5:09  Infestation Pit  
  54  5:12  Drone  
  53  5:14  Drone  
  53  5:17  Drone  
  53  5:18  Drone  
  56  5:21  Drone  
  56  5:23  Drone  
  56  5:25  Drone  
  59  5:30  Overlord  
  59  5:32  Drone  
  59  5:34  Drone  
  61  5:36  Drone  
  61  5:37  Hydralisk  
  61  5:38  Drone  
  61  5:40  Hydralisk  
  67  5:45  Hydralisk  
  67  5:48  Drone  
  67  5:50  Drone  
  67  5:51  Drone  
  67  5:52  Drone  
  67  5:55  Drone  
  67  5:57  Drone  
  66  5:59  Drone  
  66  6:01  Drone  
  60  6:04  Roach  
  60  6:07  Drone  
  60  6:08  Drone  
  58  6:12  Drone  
  58  6:18  Drone  
  60  6:22  Drone  
  60  6:25  Roach, Drone x2  
  65  6:28  Drone  
  66  6:34  Drone  
  66  6:39  Drone  
  68  6:45  Overlord  
  68  6:50  Drone  
  68  6:53  Infestor  
  68  6:54  Roach, Drone  
  74  6:56  Evolution Chamber  
  74  6:58  Spire  
  72  7:02  Drone  
  72  7:04  Drone  
  73  7:16  Overlord  
  73  7:18  Drone  
  73  7:20  Hatchery, Drone  
  73  7:22  Zerg Ground Armor Level 1, Drone  
  75  7:26  Infestor  
  75  7:28  Roach  
  75  7:29  Overseer  
  78  7:31  Drone  
  78  7:33  Drone  
  78  7:38  Drone  
  70  7:45  Drone  
  70  7:49  Drone  
  70  7:53  Drone  
  70  7:54  Drone  
  70  7:56  Drone  
  70  7:58  Drone  
  74  7:59  Drone  
  74  8:05  Drone  
  76  8:07  Roach  
  76  8:11  Evolution Chamber  
  76  8:12  Ravager  
  78  8:15  Mutalisk  
  78  8:17  Ravager  
  78  8:18  Drone  
  82  8:24  Overlord, Mutalisk, Roach  
  82  8:25  Extractor  
  82  8:26  Drone  
  86  8:30  Roach  
  86  8:33  Drone  
  89  8:37  Zerg Missile Weapons Level 1, Drone  
  89  8:40  Drone  
  84  8:42  Drone  
  84  8:48  Drone  
  83  8:51  Drone  
  83  8:53  Drone  
  83  8:55  Corruptor  
  76  8:56  Drone x2  
  76  8:58  Drone  
  81  9:03  Drone  
  81  9:04  Drone  
  81  9:09  Drone  
  84  9:14  Drone x2  
  86  9:20  Drone  
  87  9:24  Drone  
  87  9:25  Drone  
  87  9:28  Drone x3  
  92  9:32  Drone  
  92  9:36  Drone  
  92  9:38  Overlord  
  94  9:41  Drone  
  95  9:47  Drone x2  
  95  9:52  Drone  
  98  9:57  Zergling x2  
  98  9:58  Drone  
  98  9:59  Zergling x2, Drone  
  100  10:00  Zergling x2  
  100  10:03  Drone  
  93  10:07  Hydralisk  
  93  10:09  Hydralisk  
  93  10:13  Hydralisk  
  82  10:19  Roach  
  82  10:20  Roach  
  73  10:24  Roach  
  75  10:30  Roach, Hydralisk  
  75  10:31  Roach, Drone  
  75  10:35  Drone  
  83  10:40  Drone  
  83  10:42  Drone  
  85  10:46  Drone  
  86  10:51  Drone  
  86  10:53  Drone  
  86  10:56  Drone  
  89  11:01  Corruptor  
  89  11:02  Infestor, Extractor, Ravager, Hydralisk, Corruptor  
  89  11:03  Extractor  
  89  11:04  Overlord  
  96  11:07  Drone  
  97  11:12  Drone  
  97  11:15  Drone  
  97  11:18  Drone  
  100  11:21  Extractor, Ravager  
  100  11:23  Drone  
  101  11:25  Drone  
  101  11:28  Mutalisk  
  104  11:33  Mutalisk  
  104  11:34  Infestor, Hydralisk  
  104  11:35  Roach  
  104  11:37  Overlord  
  112  11:41  Overlord  
  112  11:44  Overlord  
  109  12:00  Roach, Drone x2  
  113  12:01  Spine Crawler  
  113  12:02  Drone x2  
  113  12:05  Mutalisk  
  113  12:06  Overlord, Drone  
  113  12:07  Roach  
  119  12:10  Drone  
  119  12:11  Drone  
  121  12:24  Overlord, Drone  
  121  12:25  Drone  
  121  12:28  Drone  
  122  12:32  Drone  
  122  12:33  Drone  
  112  12:38  Drone  
  112  12:39  Drone x3  
  112  12:43  Drone  
  112  12:44  Drone  
  113  12:49  Drone  
  114  12:53  Lair  
  96  13:13  Hatchery  
  95  13:20  Queen  
  95  13:23  Zergling x2  
  95  13:26  Drone  
  99  13:30  Drone  
  99  13:32  Drone  
  101  13:36  Drone  
  101  13:39  Drone  
  101  13:41  Drone  
  104  13:44  Drone  
  104  13:47  Drone  
  106  13:50  Drone  
  106  13:52  Drone  
  106  13:53  Hive  
  108  13:58  Drone  
  110  14:02  Drone  
  110  14:09  Drone  
  111  14:13  Drone  
  112  14:20  Drone  
  114  14:24  Drone  
  114  14:25  Hatchery  
  114  14:26  Spawning Pool, Drone  
  114  14:27  Drone  
  114  14:30  Overlord  
  114  14:34  Drone  
  114  14:36  Drone  
  116  14:44  Drone  
  117  14:46  Drone  
  117  14:52  Overlord  
  118  14:57  Evolution Chamber  
  118  14:58  Drone  
  118  14:59  Drone  
  119  15:00  Drone  
  119  15:02  Drone  
  119  15:05  Drone  
  122  15:07  Ultralisk Cavern  
  122  15:09  Drone  
  122  15:13  Drone  
  123  15:18  Roach Warren  
  123  15:20  Drone  
  123  15:22  Zerg Missile Weapons Level 2  
  123  15:24  Drone  
  124  15:30  Overlord, Infestor, Drone  
  124  15:31  Infestor  
  129  15:39  Zerg Ground Armor Level 2  
  129  15:47  Pathogen Glands  
  129  15:56  Ultralisk  
  135  15:59  Ultralisk  
  141  16:08  Ultralisk  
  141  16:11  Overlord  
  145  16:13  Drone  
  145  16:17  Drone  
  146  16:23  Drone  
  145  16:26  Drone  
  145  16:28  Drone  
  145  16:29  Drone x3  
  145  16:31  Drone  
  144  16:34  Drone  
  144  16:37  Drone  
  142  16:41  Drone  
  142  16:45  Zergling x2  
  140  16:49  Drone  
  140  16:52  Drone  
  142  16:56  Drone  
  142  16:59  Drone  
  138  17:03  Drone  
  138  17:05  Drone  
  138  17:08  Zergling x2  
  141  17:09  Zergling x2  
  141  17:11  Zergling x2  
  141  17:13  Zergling x2  
  141  17:15  Zergling x2  
  145  17:16  Zergling x2  
  145  17:18  Roach  
  145  17:21  Roach  
  150  17:25  Overlord  
  150  17:27  Roach  
  150  17:29  Roach  
  154  17:33  Roach  
  156  17:37  Roach x2  
  156  17:38  Roach  
  162  17:46  Overlord  
  162  17:47  Overseer  
  162  17:49  Pneumatized Carapace  
  162  17:51  Roach  
  162  17:52  Overseer  
  162  17:54  Roach  
  162  17:56  Roach  
  168  17:59  Roach  
  168  18:01  Roach  
  168  18:03  Roach  
  174  18:06  Overlord  
  174  18:13  Overseer  
  174  18:24  Overlord  
  174  18:25  Ultralisk  
  180  18:29  Ultralisk  
  186  18:42  Overlord  
  186  18:43  Ultralisk  
  192  18:51  Spire  
  191  18:56  Metabolic Boost  
  191  19:00  Zerg Melee Weapons Level 1  
  191  19:05  Evolution Chamber  
  191  19:08  Zerg Missile Weapons Level 3  
  190  19:25  Hydralisk Den  
  183  19:35  Ultralisk  
  156  19:46  Overlord  
  136  19:54  Hydralisk x3  
  136  19:55  Hydralisk  
  136  19:56  Roach x4  
  136  19:58  Hydralisk  
  136  19:59  Lurker Den  
  142  20:03  Hatchery  
  141  20:07  Corruptor  
  141  20:13  Hydralisk  
  145  20:16  Roach  
  145  20:18  Roach  
  145  20:21  Roach, Ravager  
  152  20:24  Roach  
  152  20:27  Roach  
  156  20:29  Roach  
  156  20:31  Roach  
  160  20:42  Ultralisk  
  166  20:45  Overlord  
  166  20:47  Overseer  
  166  20:52  Corruptor  
  168  20:57  Corruptor  
  169  21:05  Corruptor  
  163  21:11  Corruptor  
  163  21:16  Drone  
  163  21:17  Drone  
  162  21:19  Drone  
  162  21:21  Drone  
  102  21:34  Queen  
  102  21:37  Zergling x2  
  77  21:40  Zergling x2  
  59  21:47  Roach  
  42  22:12  Roach  
  42  22:14  Roach, Hydralisk, Zergling x4  
  42  22:15  Roach  
  46  22:30  Roach  
  46  22:34  Hydralisk Den  
  41  22:42  Spawning Pool  
  38  22:55  Hatchery  
  29  23:05  Hydralisk  
  31  23:15  Hatchery  
  31  23:18  Hydralisk  
  28  23:31  Zergling x2  
  28  23:37  Overlord  
  28  23:40  Hatchery  
  18  24:07  Overlord  
  18  24:10  Spawning Pool  
  16  24:27  Drone  
  16  24:28  Drone  
Tags
 
Add a new tag
Caveats
  • Supply blocks, unpowered buildings, or Contaminate may cause inaccurate times.
  • Supply counts are checked every 10 seconds.